[Event "Titled Tuesday Blitz July 4 Late 2023"]
[White "Vovk, Orest"]
[Black "Hambleton, Aman"]
[WhiteFideId "14113490"]
[BlackFideId "2606577"]
[WhiteElo "2592"]
[BlackElo "2786"]
[Result "0-1"]
[Round "9"]
[TimeControl "180+2"]
[Date "2023.07.04"]
[WhiteClock "0:00:00"]
[BlackClock "0:00:04"]
[Board "30"]

1. g4 c6 2. Bg2 d5 3. h3 e5 4. d4 e4 5. c4 f5 6. Nc3 Na6 7. cxd5 cxd5 8. Qb3 Nc7 9. Bf4 Bd6 10. Bxd6 Qxd6 11. e3 fxg4 12. hxg4 Bxg4 13. Bh3 Nf6 14. Nge2 O-O-O 15. Rc1 Kb8 16. Na4 Rhf8 17. Nc5 b6 18. Bf1 Bf3 19. Rg1 Ka8 20. Na4 Ng4 21. Qc3 Rc8 22. Qc6+ Qxc6 23. Rxc6 Kb7 24. Rd6 Nb5 25. Rxd5 Nc7 26. Rd6 h5 27. Nac3 g6 28. Nf4 b5 29. Kd2 b4 30. Ncd5 Nxd5 31. Nxd5 Nxf2 32. Rgxg6 Nd3 33. Rg7+ Kb8 34. Bxd3 exd3 35. Kxd3 Bd1 36. Kd2 Rc2+ 37. Kxd1 Rxb2 38. Rg1 Rxa2 39. Kc1 Ra1+ 40. Kb2 Rxg1 41. Nxb4 Kb7 42. Kb3 Rg7 43. Re6 Rh8 44. Nd3 h4 45. Nc5+ Ka8 0-1


[Site "https://www.chess.com"]

[Event "Titled Tuesday Blitz July 4 Late 2023"]
[White "Leitao, Rafael"]
[Black "Ovchinnikov, Vsevolod"]
[WhiteFideId "2101246"]
[BlackFideId "24176842"]
[WhiteElo "2772"]
[BlackElo "2587"]
[Result "1/2-1/2"]
[Round "9"]
[TimeControl "180+2"]
[Date "2023.07.04"]
[WhiteClock "0:00:13"]
[BlackClock "0:00:05"]
[Board "31"]

1. c4 Nf6 2. Nc3 d5 3. cxd5 Nxd5 4. g3 g6 5. Bg2 Nb6 6. d4 Bg7 7. Nf3 Nc6 8. e3 O-O 9. O-O e5 10. d5 Ne7 11. e4 Bg4 12. h3 Bxf3 13. Qxf3 c6 14. Rd1 cxd5 15. Nxd5 Nbxd5 16. exd5 Nf5 17. Be3 Nxe3 18. Qxe3 Qd6 19. Rac1 Rfd8 20. h4 h5 21. Rc4 a6 22. Rdc1 Rd7 23. R1c2 Rad8 24. Rc8 Kh7 25. Rxd8 Rxd8 26. Qb3 Rd7 27. Qc4 Bf8 28. Qc8 Kg7 29. Kh2 Be7 30. a3 Bd8 31. Qa8 Bb6 32. Rc8 Bxf2 33. Rg8+ Kf6 34. Qf8 Qxf8 35. Rxf8 Bc5 36. Rb8 Bd6 37. Rc8 Ke7 38. Kg1 f5 39. Kf2 e4 40. Rg8 Kf7 41. Rc8 Be5 42. Bf1 Bxb2 43. a4 Bd4+ 44. Kg2 Be5 45. Bc4 Bd6 46. Kf2 Kf6 47. Re8 Re7 48. Rd8 Ke5 49. Rg8 Kf6 50. Rd8 Bc5+ 51. Ke2 Ke5 52. Rg8 Kd4 53. Ba2 b5 54. axb5 axb5 55. Rxg6 Ra7 56. Bb3 Ra3 57. Bc2 Ra2 58. Kd1 Ra1+ 59. Ke2 Ra2 60. Kd1 b4 61. d6 Ra1+ 62. Ke2 Ra2 63. Kd1 Ra1+ 64. Ke2 Ra2 65. Kd1 1/2-1/2


[Site "https://www.chess.com"]

[Event "Titled Tuesday Blitz July 4 Late 2023"]
[White "Ghazarian, Kirk"]
[Black "Sousa, Andre Ventura"]
[WhiteFideId "30908604"]
[BlackFideId "1917617"]
[WhiteElo "2746"]
[BlackElo "2582"]
[Result "0-1"]
[Round "9"]
[TimeControl "180+2"]
[Date "2023.07.04"]
[WhiteClock "0:00:05"]
[BlackClock "0:00:19"]
[Board "32"]

1. b3 g6 2. Bb2 Nf6 3. g3 Bg7 4. Bg2 O-O 5. d4 d5 6. Nf3 c6 7. O-O Ne4 8. Nbd2 Bf5 9. Nh4 Nxd2 10. Qxd2 Be6 11. Nf3 Nd7 12. a4 a5 13. Rfe1 Bf5 14. Nh4 Be6 15. e4 dxe4 16. Bxe4 Bd5 17. Bxd5 cxd5 18. Ba3 Re8 19. Nf3 Rc8 20. Rac1 Nf6 21. c4 Ne4 22. Qd3 e6 23. Ne5 Bxe5 24. dxe5 Nc5 25. Qf3 dxc4 26. Rxc4 Nd3 27. Rd1 Rxc4 28. bxc4 Nxe5 29. Qe2 Qf6 30. Bb2 Qf3 31. Qxe5 Qxd1+ 32. Kg2 Kf8 33. Qg7+ Ke7 34. Bf6+ Kd6 35. Qxf7 Qxa4 36. Bg5 Qc6+ 37. Kh3 Qd7 38. Qf3 e5+ 39. Kh4 h5 40. Qd5+ Kc7 41. Qxa5+ Kb8 42. h3 Qd4+ 43. g4 Qxf2# 0-1


[Site "https://www.chess.com"]

[Event "Titled Tuesday Blitz July 4 Late 2023"]
[White "Ozates, Tuna"]
[Black "Gorovets, Andrey"]
[WhiteFideId "6354521"]
[BlackFideId "13504037"]
[WhiteElo "2568"]
[BlackElo "2746"]
[Result "1-0"]
[Round "9"]
[TimeControl "180+2"]
[Date "2023.07.04"]
[WhiteClock "0:00:17"]
[BlackClock "0:00:46"]
[Board "33"]

1. e4 c5 2. Nf3 Nc6 3. d4 cxd4 4. Nxd4 Nf6 5. Nc3 e5 6. Ndb5 d6 7. Nd5 Nxd5 8. exd5 Ne7 9. c4 Ng6 10. Bd3 Be7 11. O-O a6 12. Nc3 f5 13. f3 O-O 14. Be3 Bg5 15. Bf2 Bd7 16. b4 Bf6 17. Rc1 e4 18. fxe4 f4 19. c5 Bh4 20. cxd6 Bxf2+ 21. Rxf2 Ne5 22. Bf1 Qb6 23. h3 Rf6 24. Na4 Qxd6 25. Nc5 f3 26. Nxb7 Qb6 27. Nc5 fxg2 28. Bxg2 Rg6 29. Qd4 Re8 30. Qxe5 Rxg2+ 31. Kxg2 Rxe5 32. Rf8+ 1-0


[Site "https://www.chess.com"]

[Event "Titled Tuesday Blitz July 4 Late 2023"]
[White "Fernandez Guillen, Ernesto J."]
[Black "Bruedigam, Martin"]
[WhiteFideId "3512428"]
[BlackFideId "24608033"]
[WhiteElo "2744"]
[BlackElo "2561"]
[Result "1-0"]
[Round "9"]
[TimeControl "180+2"]
[Date "2023.07.04"]
[WhiteClock "0:00:16"]
[BlackClock "0:00:00"]
[Board "34"]

1. e4 e5 2. Nf3 Nc6 3. d4 exd4 4. Bc4 Bc5 5. O-O d6 6. c3 d3 7. Bxd3 Nf6 8. h3 h6 9. Re1 O-O 10. Bf4 Re8 11. Nbd2 Ne5 12. Bc2 a6 13. Nb3 Ba7 14. Nbd4 Bd7 15. b3 Qc8 16. Nf5 Ng6 17. Bh2 d5 18. e5 Bxf5 19. exf6 Rxe1+ 20. Nxe1 Bxc2 21. Nxc2 Qf5 22. Nd4 Qxf6 23. Bxc7 Rc8 24. Bg3 Rxc3 25. Nf3 d4 26. Qe2 d3 27. Qe8+ Kh7 28. Rd1 Qf5 29. Qa8 d2 30. Rxd2 Rc1+ 31. Kh2 Qb1 32. Bd6 Bb6 33. Qxb7 Ba5 34. b4 Rh1+ 35. Kg3 Bd8 36. Qxf7 Qe4 37. Rd4 Qe2 38. Be5 Nxe5 39. Qf5+ Ng6 40. Rxd8 Rf1 41. Nh4 1-0


[Site "https://www.chess.com"]

[Event "Titled Tuesday Blitz July 4 Late 2023"]
[White "Jaracz, Pawel"]
[Black "ArtemDyachuk"]
[WhiteFideId "1102222"]
[WhiteElo "2713"]
[BlackElo "2560"]
[Result "0-1"]
[Round "9"]
[TimeControl "180+2"]
[Date "2023.07.04"]
[WhiteClock "0:00:00"]
[BlackClock "0:00:02"]
[Board "35"]

1. d4 Nf6 2. c4 e6 3. Nc3 c5 4. d5 exd5 5. cxd5 d6 6. Nf3 g6 7. Bf4 Bg7 8. e3 O-O 9. h3 Ne8 10. Be2 Nd7 11. O-O Ne5 12. Nd2 f5 13. Bh2 Bd7 14. a4 a6 15. Kh1 Rb8 16. a5 Nc7 17. f4 Nf7 18. Nc4 Re8 19. Bf3 Nb5 20. Na4 Na7 21. Nab6 Bb5 22. Re1 Nc8 23. Qc2 Qf6 24. b3 Qe7 25. Rad1 h6 26. e4 Nxb6 27. Nxb6 fxe4 28. Rxe4 Qf6 29. Bg3 Kh7 30. Rde1 Qc3 31. Qxc3 Bxc3 32. Rxe8 Rxe8 33. Rxe8 Bxe8 34. Nc4 Bb5 35. Bg4 Bxc4 36. bxc4 Bxa5 37. Bc8 b5 38. Bxa6 b4 39. Bb5 Kg7 40. Ba4 Kf6 41. h4 Kf5 42. Bc2+ Kg4 43. Kh2 Nd8 44. Bxg6 b3 45. Bb1 Bd2 46. f5 Bf4 47. Bxf4 Kxf4 48. Kh3 h5 49. g3+ Kf3 50. f6 Nf7 51. Bg6 Ne5 52. Bxh5+ Ke3 53. Bd1 b2 54. Bc2 Kd2 55. Bb1 Kc1 56. Ba2 Kc2 57. h5 Nf7 58. Kh4 Kc3 59. Bb1 Kd2 60. g4 Kc1 61. Be4 Ne5 62. g5 Nf3+ 63. Kg4 Nd2 64. Bd3 Nxc4 65. Kf5 Ne5 66. Be4 c4 67. g6 c3 68. f7 c2 69. f8=Q b1=Q 70. Qxd6 Kd2 71. Qxe5 Qf1+ 72. Ke6 c1=Q 73. Qd4+ Ke1 74. g7 Qh3+ 0-1


[Site "https://www.chess.com"]

[Event "Titled Tuesday Blitz July 4 Late 2023"]
[White "Matinian, Nikita"]
[Black "Ambartsumova, Karina"]
[WhiteFideId "24129100"]
[BlackFideId "4166299"]
[WhiteElo "2688"]
[BlackElo "2553"]
[Result "1-0"]
[Round "9"]
[TimeControl "180+2"]
[Date "2023.07.04"]
[WhiteClock "0:01:21"]
[BlackClock "0:00:13"]
[Board "36"]

1. e4 e5 2. Nf3 Nc6 3. Bb5 Nf6 4. O-O Nxe4 5. d4 Nd6 6. Bxc6 dxc6 7. dxe5 Nf5 8. Qxd8+ Kxd8 9. h3 Be7 10. g4 Nh4 11. Nxh4 Bxh4 12. Kg2 Be6 13. Nc3 Ke7 14. Be3 b6 15. f4 h5 16. f5 Bc4 17. Rf4 Bd5+ 18. Nxd5+ cxd5 19. Rd1 Bg5 20. Rf3 Bxe3 21. Rxe3 hxg4 22. hxg4 Rad8 23. e6 fxe6 24. Rxe6+ Kf7 25. Rde1 Rd7 26. Kg3 d4 27. g5 Rf8 28. Kf4 Kg8 29. Re8 d3 30. cxd3 Rd4+ 31. R1e4 Rxd3 32. R4e7 Rxe8 33. Rxe8+ Kf7 34. Rc8 Rd4+ 35. Ke5 Rc4 36. g6+ Ke7 37. Rg8 Rc5+ 38. Kf4 Rc4+ 39. Kg5 Rc2 40. Rxg7+ Kd6 41. Rf7 Rxb2 42. g7 Rg2+ 43. Kf6 c5 44. Rf8 c4 45. g8=Q Rxg8 46. Rxg8 b5 47. Kg7 Kd7 48. f6 c3 49. f7 c2 50. f8=Q c1=Q 51. Qd8+ Ke6 52. Re8+ Kf5 53. Qd5+ Kg4 54. Re4+ Kh3 55. Qd3+ Kg2 56. Re2+ Kh1 57. Qh3+ Kg1 58. Qg2# 1-0


[Site "https://www.chess.com"]

[Event "Titled Tuesday Blitz July 4 Late 2023"]
[White "AdvanceGuard4"]
[Black "Shuvalova, Polina"]
[BlackFideId "24171760"]
[WhiteElo "2549"]
[BlackElo "2684"]
[Result "1-0"]
[Round "9"]
[TimeControl "180+2"]
[Date "2023.07.04"]
[WhiteClock "0:00:05"]
[BlackClock "0:00:23"]
[Board "37"]

1. e4 c6 2. d4 d5 3. exd5 cxd5 4. Bd3 Nc6 5. c3 Nf6 6. Bf4 Bg4 7. Qb3 Qd7 8. Nd2 e6 9. Ngf3 Bd6 10. Bxd6 Qxd6 11. O-O O-O 12. Rae1 Nd7 13. Nh4 Bh5 14. f4 Nf6 15. h3 Bg6 16. Nxg6 hxg6 17. Qd1 Rab8 18. a4 a6 19. Qe2 b5 20. axb5 axb5 21. b4 Ne7 22. Nb3 Nf5 23. Qf3 Qc6 24. Nc5 Nd6 25. g4 Ra8 26. Ra1 Rxa1 27. Rxa1 Ra8 28. Qf1 Nfe4 29. Qc1 Nc4 30. Nxe4 dxe4 31. Bxc4 Rxa1 32. Qxa1 Qxc4 33. Qa8+ Kh7 34. Qxe4 Qxc3 35. f5 Qxb4 36. fxg6+ fxg6 37. h4 Qd2 38. h5 Qg5 39. Qxe6 gxh5 40. Qe4+ Qg6 41. Qe5 Qxg4+ 42. Kf2 b4 43. d5 b3 44. d6 Qh4+ 45. Ke2 Qc4+ 46. Kd2 Qc2+ 47. Ke3 b2 48. d7 Qc1+ 49. Kf3 Qh1+ 50. Ke3 Qe1+ 51. Kf4 Qxe5+ 52. Kxe5 b1=Q 53. d8=Q Qe1+ 54. Kf4 Qh4+ 55. Qxh4 Kh6 56. Qg5+ Kh7 57. Kf5 Kg8 58. Qg6 Kh8 59. Ke6 Kg8 60. Qxh5 g5 61. Qg6+ Kh8 62. Kf7 g4 63. Qg7# 1-0


[Site "https://www.chess.com"]

[Event "Titled Tuesday Blitz July 4 Late 2023"]
[White "ElDivis"]
[Black "Rastbod, Ali"]
[BlackFideId "12567477"]
[WhiteElo "2548"]
[BlackElo "2680"]
[Result "1-0"]
[Round "9"]
[TimeControl "180+2"]
[Date "2023.07.04"]
[WhiteClock "0:00:11"]
[BlackClock "0:01:28"]
[Board "38"]

1. Nf3 f5 2. d3 Nc6 3. d4 e6 4. g3 Nf6 5. Bg2 Be7 6. O-O O-O 7. c4 d6 8. d5 Nb4 9. Nc3 e5 10. Ng5 a5 11. a3 Na6 12. b4 axb4 13. axb4 h6 14. Nh3 g5 15. b5 f4 16. bxa6 bxa6 17. gxf4 exf4 18. Nxf4 gxf4 19. Bxf4 Rf7 20. Bg3 Nh5 21. e3 Nxg3 22. hxg3 Bf6 23. Rc1 Rg7 24. Ne4 Be5 25. f4 Bb2 26. Rb1 Bf6 27. Nxf6+ Qxf6 28. Qf3 Bg4 29. Qf2 h5 30. e4 h4 31. e5 dxe5 32. fxe5 Qxe5 33. Rbe1 Qxg3 34. Qxg3 hxg3 35. c5 Rd8 36. Re5 Be2 37. Rxe2 Rf7 38. Rxf7 Kxf7 39. Re3 Rb8 40. Rxg3 Rb1+ 41. Kh2 Rc1 42. c6 Ke7 43. Ra3 Kd6 44. Rxa6 Ra1 45. Rxa1 1-0


[Site "https://www.chess.com"]

[Event "Titled Tuesday Blitz July 4 Late 2023"]
[White "Stoleriu, George"]
[Black "Arencibia Monduy, Antonio"]
[WhiteFideId "1227505"]
[BlackFideId "3507939"]
[WhiteElo "2672"]
[BlackElo "2544"]
[Result "1/2-1/2"]
[Round "9"]
[TimeControl "180+2"]
[Date "2023.07.04"]
[WhiteClock "0:00:10"]
[BlackClock "0:00:03"]
[Board "39"]

1. e4 e6 2. d4 d5 3. Nc3 dxe4 4. Nxe4 Nd7 5. Nf3 Ngf6 6. Nxf6+ Nxf6 7. c3 Be7 8. Bd3 O-O 9. Be3 b6 10. O-O Bb7 11. Ne5 c5 12. Qe2 cxd4 13. Bxd4 Qc7 14. Rad1 Rfd8 15. Rfe1 Bc5 16. Bxc5 Qxc5 17. Nxf7 Kxf7 18. Qxe6+ Kf8 19. Bc4 Qc7 20. Rxd8+ Rxd8 21. Bb5 a6 22. Be2 Re8 23. Qh3 Qe5 24. Qd3 b5 25. a3 Bd5 26. Qd2 Bc4 27. Kf1 Qxh2 28. f4 Rxe2 29. Rxe2 Bxe2+ 30. Qxe2 Qxf4+ 31. Kg1 Ne4 32. Qd3 Qf2+ 33. Kh2 Qf4+ 34. Kg1 h6 35. Qd8+ Kf7 36. Qd7+ Kg8 37. Qc8+ Kh7 38. Qxa6 Qe3+ 39. Kh2 Qg3+ 40. Kg1 Ng5 41. Qc6 Nh3+ 42. Kh1 Nf2+ 43. Kg1 Nh3+ 44. Kh1 Nf4 45. Qe4+ Ng6 46. Qd5 Qh4+ 47. Kg1 Qe1+ 48. Kh2 Qe8 49. Kg1 h5 50. Qxh5+ Kg8 51. Qd5+ Kf8 52. Qf5+ Kg8 53. Qd5+ Kf8 54. Qf3+ Kg8 55. Qd3 Kh7 56. Qh3+ Kg8 57. Qd3 Qf7 58. Qxb5 Nf8 59. Qd3 Qf6 60. Qd5+ Kh7 61. Qe4+ Kg8 62. Qc4+ Kh7 63. g3 g6 64. Qh4+ Qxh4 65. gxh4 Kg7 66. Kg2 Kf6 67. Kg3 Ne6 68. Kg4 Nc5 69. h5 gxh5+ 70. Kxh5 Na4 71. b4 Nxc3 72. Kg4 Ke5 73. Kf3 Kd4 74. Kf4 Kc4 75. Ke5 Kb3 76. Kd4 Nb5+ 77. Kc5 Nxa3 78. b5 Nxb5 1/2-1/2


[Site "https://www.chess.com"]

[Event "Titled Tuesday Blitz July 4 Late 2023"]
[White "Aldokhin, Ivan"]
[Black "only_strong_moves"]
[WhiteFideId "24115720"]
[WhiteElo "2667"]
[BlackElo "2517"]
[Result "0-1"]
[Round "9"]
[TimeControl "180+2"]
[Date "2023.07.04"]
[WhiteClock "0:00:03"]
[BlackClock "0:00:21"]
[Board "40"]

1. e4 c5 2. Nf3 Nc6 3. d4 cxd4 4. Nxd4 Nf6 5. Nc3 e5 6. Ndb5 d6 7. Bg5 a6 8. Bxf6 gxf6 9. Na3 b5 10. Nd5 f5 11. g3 fxe4 12. Bg2 Bg7 13. Bxe4 Be6 14. Qh5 Rc8 15. O-O Ne7 16. Nxe7 Qxe7 17. Rad1 b4 18. Nb1 Rc5 19. c3 b3 20. axb3 Bxb3 21. Nd2 Bxd1 22. Rxd1 d5 23. Bc2 Rb5 24. Ba4 O-O 25. Bxb5 axb5 26. Nf3 Ra8 27. Rxd5 Qb7 28. Rd1 b4 29. cxb4 e4 30. Ng5 h6 31. Nh3 Qxb4 32. Rd7 Qc4 33. Qd5 Ra1+ 34. Qd1 Rxd1+ 35. Rxd1 Bxb2 36. Nf4 Be5 37. Nd5 Qe2 38. Rf1 Qd3 39. Ne7+ Kf8 40. Nf5 Qd2 41. Kg2 f6 42. Rb1 Qd5 43. Ne3 Qc6 44. Rd1 Kf7 45. Nd5 Qa4 46. Ne3 Bd4 47. Re1 Kg6 48. Ng4 f5 49. Ne3 Qb3 50. Kf1 Qd3+ 51. Kg2 Qd2 52. Rd1 Bxe3 53. Rxd2 Bxd2 54. Kf1 Kg5 55. Ke2 Bb4 56. h3 h5 57. f3 Bc5 58. h4+ Kf6 59. fxe4 fxe4 60. Kf1 Kf5 61. Kg2 Kg4 62. Kh1 e3 63. Kg2 e2 64. Kh2 e1=Q 65. Kg2 Qg1# 0-1


[Site "https://www.chess.com"]

[Event "Titled Tuesday Blitz July 4 Late 2023"]
[White "Molenda, Marcin"]
[Black "Andrej2004"]
[WhiteFideId "1173065"]
[WhiteElo "2509"]
[BlackElo "2663"]
[Result "1-0"]
[Round "9"]
[TimeControl "180+2"]
[Date "2023.07.04"]
[WhiteClock "0:00:21"]
[BlackClock "0:00:15"]
[Board "41"]

1. e4 b6 2. d4 Bb7 3. f3 g6 4. c4 Bg7 5. Nc3 d6 6. Be3 e5 7. Nge2 Nd7 8. Qd2 exd4 9. Nxd4 Ngf6 10. Be2 a6 11. O-O O-O 12. Rac1 Qe7 13. Rfe1 Nh5 14. Bf1 Rae8 15. Nd5 Qd8 16. b4 Ne5 17. a4 c5 18. Nb3 f5 19. exf5 Rxf5 20. a5 Rxf3 21. axb6 Qh4 22. Bg5 Qg4 23. Kh1 Rf5 24. Ne7+ Rxe7 25. Bxe7 g5 26. Rc3 Qh4 27. Kg1 h6 28. bxc5 Ng4 29. Rh3 Bd4+ 30. Nxd4 Qf2+ 31. Qxf2 Rxf2 32. c6 Nf4 33. cxb7 1-0


[Site "https://www.chess.com"]

[Event "Titled Tuesday Blitz July 4 Late 2023"]
[White "Fisher_TheGalactic"]
[Black "Zhang, Derek"]
[BlackFideId "2087871"]
[WhiteElo "2663"]
[BlackElo "2507"]
[Result "1-0"]
[Round "9"]
[TimeControl "180+2"]
[Date "2023.07.04"]
[WhiteClock "0:00:51"]
[BlackClock "0:00:00"]
[Board "42"]

1. Nf3 d6 2. g3 e5 3. e4 f5 4. exf5 Bxf5 5. Bg2 c6 6. O-O Be7 7. d4 e4 8. Nfd2 d5 9. f3 exf3 10. Nxf3 Nd7 11. Ne5 Nxe5 12. Rxf5 Ng6 13. c3 Nf6 14. Bg5 O-O 15. Nd2 h6 16. Bxf6 Rxf6 17. Qc2 Qf8 18. Raf1 Rxf5 19. Rxf5 Bf6 20. Rf1 Qe8 21. Nf3 Nf8 22. Bh3 Qe3+ 23. Kg2 Qe8 24. Re1 Qg6 25. Qb3 Qf7 26. Qc2 Re8 27. Rxe8 Qxe8 28. Bf5 Qe3 29. Bd3 Ne6 30. Qe2 Qxe2+ 31. Bxe2 Kf7 32. Bd3 Ke7 33. Nd2 Bg5 34. Nb3 b6 35. h4 Bf6 36. Kf3 Kd6 37. Kg4 c5 38. dxc5+ Nxc5 39. Nc1 a6 40. Kf5 b5 41. Bc2 a5 42. Ne2 b4 43. cxb4 axb4 44. b3 d4 45. Nf4 Be5 46. Kg6 Bxf4 47. gxf4 d3 48. Bd1 Ke6 49. Bg4+ Ke7 50. Kxg7 Ne4 51. f5 d2 52. Bf3 Nf6 53. Kxh6 Kd6 54. Kg6 Ke5 55. h5 Ng8 56. Kg7 1-0


[Site "https://www.chess.com"]

[Event "Titled Tuesday Blitz July 4 Late 2023"]
[White "Fantastic_Power"]
[Black "Toniutti, Ezio"]
[BlackFideId "113034"]
[WhiteElo "2661"]
[BlackElo "2506"]
[Result "0-1"]
[Round "9"]
[TimeControl "180+2"]
[Date "2023.07.04"]
[WhiteClock "0:00:03"]
[BlackClock "0:00:16"]
[Board "43"]

1. e4 e5 2. Nf3 Nc6 3. Bb5 a6 4. Ba4 d6 5. O-O Bd7 6. c3 Nge7 7. d4 Ng6 8. Re1 Be7 9. Nbd2 O-O 10. Nf1 b5 11. Bb3 Na5 12. Bc2 c5 13. Ng3 Nc4 14. b3 Nb6 15. d5 c4 16. Be3 Qc7 17. b4 a5 18. a3 axb4 19. axb4 Qb7 20. Qd2 Rfb8 21. h3 Bf8 22. Nh2 Nc8 23. Ng4 Nce7 24. f3 Rxa1 25. Rxa1 Ra8 26. Qe1 Nf4 27. Nf2 Neg6 28. Qb1 Ra6 29. Ra5 Rxa5 30. bxa5 Qa6 31. Qb4 Be7 32. Bb6 h5 33. Nf1 Nh4 34. Ne3 Qc8 35. Kh2 Bg5 36. Bd1 Nxh3 37. Nxh3 Bxh3 38. gxh3 Bf4+ 39. Kg1 Qxh3 40. Qb2 Qg3+ 41. Kf1 Qh3+ 42. Kg1 b4 43. a6 bxc3 44. Qf2 c2 45. Bxc2 Nxf3+ 46. Qxf3 Qxf3 47. a7 Bxe3+ 48. Bxe3 Qxe3+ 49. Kg2 Qxa7 0-1


[Site "https://www.chess.com"]

[Event "Titled Tuesday Blitz July 4 Late 2023"]
[White "MKlose11"]
[Black "Remolar Gallen, Jose"]
[BlackFideId "2215187"]
[WhiteElo "2656"]
[BlackElo "2484"]
[Result "1-0"]
[Round "9"]
[TimeControl "180+2"]
[Date "2023.07.04"]
[WhiteClock "0:01:53"]
[BlackClock "0:01:20"]
[Board "44"]

1. e4 c5 2. Nc3 d6 3. g3 g6 4. d3 Bg7 5. Be3 Nc6 6. Bg2 e6 7. Qd2 Nd4 8. Nd1 h6 9. c3 Nc6 10. Ne2 Nge7 11. O-O Rb8 12. d4 cxd4 13. Nxd4 Bd7 14. Nxc6 Bxc6 15. Bxa7 Ra8 16. Bd4 e5 17. Be3 Qa5 18. Qxd6 Bb5 19. Re1 Bc4 20. b3 Bxb3 21. axb3 Qxa1 22. Bf1 Nc6 23. Bb5 Rc8 24. Bc5 Bf8 25. Qxe5+ Kd8 26. Qxh8 1-0


[Site "https://www.chess.com"]

[Event "Titled Tuesday Blitz July 4 Late 2023"]
[White "Balla, Tamas-Kristof"]
[Black "Hilary46"]
[WhiteFideId "1208497"]
[WhiteElo "2470"]
[BlackElo "2642"]
[Result "0-1"]
[Round "9"]
[TimeControl "180+2"]
[Date "2023.07.04"]
[WhiteClock "0:00:17"]
[BlackClock "0:01:00"]
[Board "45"]

1. e4 e5 2. Nf3 Nc6 3. Bc4 Bc5 4. b4 Bxb4 5. c3 Ba5 6. d4 d6 7. O-O Bb6 8. dxe5 dxe5 9. Qb3 Qf6 10. Bd5 Nge7 11. Ba3 Bg4 12. Nbd2 O-O-O 13. c4 Nxd5 14. exd5 Nd4 15. Nxd4 Bxd4 16. Rab1 b6 17. c5 Qg6 18. c6 Kb8 19. Nc4 Be2 20. Rfc1 Bd3 21. Qb5 Be4 22. g3 Bxd5 23. Na5 Qe4 24. Kf1 Qg2+ 25. Ke1 Qxf2+ 26. Kd1 Bf3+ 0-1


[Site "https://www.chess.com"]

[Event "Titled Tuesday Blitz July 4 Late 2023"]
[White "Janaszak, Dawid"]
[Black "Romero Ruscalleda, Josep"]
[WhiteFideId "1119206"]
[BlackFideId "2231859"]
[WhiteElo "2597"]
[BlackElo "2451"]
[Result "1-0"]
[Round "9"]
[TimeControl "180+2"]
[Date "2023.07.04"]
[WhiteClock "0:00:14"]
[BlackClock "0:00:14"]
[Board "46"]

1. e4 g6 2. Nc3 Bg7 3. Bc4 d6 4. d4 Nf6 5. Bg5 O-O 6. f3 c6 7. Qd2 d5 8. exd5 Nxd5 9. Nge2 Nxc3 10. bxc3 Nd7 11. O-O Nf6 12. Rfe1 a5 13. a4 Bd7 14. Rab1 Qc8 15. Nf4 Re8 16. Nd3 Rb8 17. h4 b5 18. Ba2 bxa4 19. Rxb8 Qxb8 20. Ne5 Qb2 21. Bxf7+ Kh8 22. Bxf6 exf6 23. Bxe8 Bxe8 24. Nd3 Qb8 25. Qf4 Qd8 26. Nc5 Bf7 27. Rb1 Bf8 28. Rb8 Qe7 29. Qh6 Kg8 30. Nd7 Be8 31. Nxf8 Qxf8 32. Qe3 a3 33. Rxe8 a2 34. Rxf8+ Kxf8 35. Qc1 1-0


[Site "https://www.chess.com"]

[Event "Titled Tuesday Blitz July 4 Late 2023"]
[White "Mindhunter08"]
[Black "Sargsyan, Anna M."]
[BlackFideId "13308130"]
[WhiteElo "2424"]
[BlackElo "2593"]
[Result "1-0"]
[Round "9"]
[TimeControl "180+2"]
[Date "2023.07.04"]
[WhiteClock "0:00:08"]
[BlackClock "0:00:00"]
[Board "47"]

1. e4 c6 2. Nf3 d5 3. Nc3 Bg4 4. h3 Bxf3 5. Qxf3 Nf6 6. e5 Nfd7 7. d4 e6 8. Ne2 c5 9. c3 Nc6 10. Be3 Qb6 11. O-O-O cxd4 12. cxd4 Qa5 13. Kb1 Nb4 14. a3 Nc6 15. Bd2 Qb6 16. Qd3 Be7 17. f4 O-O 18. g4 f5 19. gxf5 Rxf5 20. Bg2 Na5 21. Bxd5 exd5 22. Qxf5 Nc4 23. Bc3 Nf8 24. Ka1 Ne3 25. Qd3 Nxd1 26. Rxd1 Rc8 27. f5 Qb3 28. Nc1 Qa4 29. Rg1 Rc7 30. f6 Bd8 31. fxg7 Rxg7 32. Rxg7+ Kxg7 33. Qg3+ Ng6 34. Nd3 Qd1+ 35. Ka2 Bh4 36. Qe3 b6 37. Nb4 Qh1 38. e6 a5 39. Nc6 a4 40. e7 Qd1 41. e8=Q Qb3+ 42. Kb1 Qd1+ 43. Qc1 Qd3+ 44. Ka1 Bf6 45. Qd7+ Kg8 46. Qe6+ Kg7 47. Qxd5 Nh4 48. Qd7+ Kg6 49. Qg4+ Kf7 50. Qd7+ Kg6 51. Qg1+ Kh6 52. Qdg4 1-0


[Site "https://www.chess.com"]

[Event "Titled Tuesday Blitz July 4 Late 2023"]
[White "Sadovsky, Artem"]
[Black "Erenberg, Ariel"]
[WhiteFideId "4155840"]
[BlackFideId "2811634"]
[WhiteElo "2541"]
[BlackElo "2704"]
[Result "0-1"]
[Round "9"]
[TimeControl "180+2"]
[Date "2023.07.04"]
[WhiteClock "0:00:03"]
[BlackClock "0:00:54"]
[Board "48"]

1. e4 e6 2. Nf3 d5 3. Nc3 Nf6 4. e5 Nfd7 5. d4 c5 6. dxc5 Bxc5 7. Bd3 Nc6 8. Bf4 Qb6 9. O-O Qxb2 10. Nb5 O-O 11. Rb1 Qxa2 12. Bxh7+ Kxh7 13. Ng5+ Kg8 14. Qh5 Qxc2 15. Nc7 Rb8 16. Rb3 Qg6 17. Qh4 Qh6 18. Qg3 Nd4 19. Qg4 Nxb3 20. Nxf7 Qxf4 21. Qxf4 Rxf7 22. Qa4 Nxe5 23. Qxb3 Rxc7 24. Qg3 Bd6 25. Qe3 b6 26. h3 Rf7 27. Rd1 Bd7 28. Kh1 Rbf8 29. f3 Nc4 30. Qg5 a5 31. Rd4 Bf4 32. Qg6 a4 33. Rd3 a3 34. Rxa3 Nxa3 35. Qd3 Nc4 36. Qd4 b5 37. Qf2 b4 38. Qc2 Bb5 39. Qb3 Bd6 40. h4 Ra7 41. Qb1 Rfa8 42. Qg1 Ra1 43. h5 Rxg1+ 44. Kxg1 Bg3 45. Kf1 Ra2 46. Kg1 Ne3 47. Kh1 Ra1# 0-1


[Site "https://www.chess.com"]

[Event "Titled Tuesday Blitz July 4 Late 2023"]
[White "Belov, Alexei"]
[Black "Goryachkina, Aleksandra"]
[WhiteFideId "4128206"]
[BlackFideId "4147103"]
[WhiteElo "2537"]
[BlackElo "2703"]
[Result "0-1"]
[Round "9"]
[TimeControl "180+2"]
[Date "2023.07.04"]
[WhiteClock "0:00:09"]
[BlackClock "0:00:05"]
[Board "49"]

1. e4 c5 2. Nf3 e6 3. d4 cxd4 4. Nxd4 Nc6 5. Nc3 Qc7 6. Be2 a6 7. O-O Nf6 8. a4 Bb4 9. Nxc6 bxc6 10. Qd4 Rb8 11. Bg5 e5 12. Qd3 Be7 13. b3 h6 14. Be3 O-O 15. f4 Rb4 16. Kh1 d6 17. h3 a5 18. Rad1 Be6 19. g4 exf4 20. Bxf4 Rd8 21. Qg3 Nxe4 22. Nxe4 Rxe4 23. Bd3 Rb4 24. Bf5 Bd5+ 25. Kh2 Bg5 26. c4 Bxf4 27. Rxf4 Be6 28. Bxe6 fxe6 29. Rfd4 e5 30. R4d3 Qe7 31. Re3 Rbb8 32. c5 d5 33. Rxe5 Qxc5 34. Rde1 Qc2+ 35. R1e2 Qd1 36. Re7 Qa1 37. Qc7 Rf8 38. R2e5 Qb2+ 39. Kg3 Rxb3+ 40. Kh4 Qf2+ 41. Kh5 Rxh3+ 42. Kg6 Qf6# 0-1


[Site "https://www.chess.com"]

[Event "Titled Tuesday Blitz July 4 Late 2023"]
[White "Guerra Tulcan, Lenin"]
[Black "Aggelis, Nikolaos"]
[WhiteFideId "3601382"]
[BlackFideId "4213220"]
[WhiteElo "2653"]
[BlackElo "2531"]
[Result "0-1"]
[Round "9"]
[TimeControl "180+2"]
[Date "2023.07.04"]
[WhiteClock "0:00:18"]
[BlackClock "0:00:12"]
[Board "50"]

1. e4 c6 2. Nf3 d5 3. exd5 cxd5 4. Ne5 Nd7 5. Bb5 a6 6. Bxd7+ Bxd7 7. O-O Bf5 8. b3 e6 9. Bb2 Nf6 10. d3 Bd6 11. Nd2 O-O 12. Re1 Rc8 13. Ndf3 Qc7 14. c4 Bb4 15. Re3 Rfd8 16. Qf1 Bc5 17. Re2 Ng4 18. Nh4 Nxe5 19. Bxe5 Bd6 20. Bxd6 Qxd6 21. Nxf5 exf5 22. Rae1 dxc4 23. dxc4 g6 24. Re7 Rd7 25. Rxd7 Qxd7 26. Qe2 Rd8 27. h3 Qd2 28. Qxd2 Rxd2 29. Re7 b5 30. cxb5 axb5 31. Rb7 b4 32. Rxb4 Rxa2 33. g3 h5 34. Kg2 Kg7 35. Kf3 Rb2 36. Rb6 g5 37. h4 f6 38. Ke3 f4+ 39. Kf3 g4+ 40. Kxf4 Rxf2+ 41. Ke4 Rf3 42. b4 Rxg3 43. b5 Kg6 44. Rb8 Rb3 45. Rg8+ Kf7 46. Rh8 Rxb5 47. Kf4 Kg7 48. Rc8 Kg6 49. Rg8+ Kf7 50. Rh8 Ra5 51. Rh7+ Kg6 52. Rh8 Ra4+ 53. Kg3 Ra3+ 54. Kf4 Rf3+ 55. Ke4 Rh3 56. Rg8+ Kf7 57. Rh8 Rxh4 58. Kf5 Rh1 59. Rh7+ Kf8 60. Ra7 g3 61. Ra8+ Ke7 62. Ra7+ Kd6 63. Ra6+ Kd5 64. Ra5+ Kd4 65. Ra4+ Ke3 66. Ra3+ Kf2 67. Ra2+ Kf3 68. Ra3+ Kg2 69. Kf4 Rf1+ 70. Ke4 Kh2 71. Ra5 h4 72. Rh5 h3 73. Rh8 g2 74. Ke3 g1=Q+ 0-1


[Site "https://www.chess.com"]